[Event "Team 45 45 League T44"]
[Site "Internet Chess Club"]
[Date "2010.02.08"]
[Round "1"]
[White "tenor"]
[Black "ILRE"]
[Result "1-0"]
[WhiteElo "1779"]
[BlackElo "1469"]
[Opening "Pirc: Austrian attack"]
[ECO "B09"]
[Time "18:30:22"]
[TimeControl "2700+45"]

1. e4 d6 2. d4 Nf6 3. Nc3 g6 4. f4 Bg7 5. Nf3 O-O 6. Be2 Nc6 7. O-O e5 8. h3
exd4 9. Nxd4 Nxd4 10. Qxd4 Re8 11. Qd3 Bd7 12. Bf3 Bc6 13. Be3 b6 14. Rae1 Nd7
15. Bd4 Nc5 16. Qd2 f6 17. f5 g5 18. b4 Nd7 19. Qd3 Ne5 20. Bxe5 dxe5 21. Qc4+
Kh8 22. Qxc6 Qd4+ 23. Kh1 Qxb4 24. Nd5 Qf8 25. Rd1 Red8 26. Rd3 Rd6 27. Qc3 c6
28. Ne3 Rad8 29. Rfd1 Rd4 30. Rxd4 exd4 31. Rxd4 Rxd4 32. Qxd4 Qa3 33. Qd8+ Bf8
34. Qxf6+ Bg7 35. Qd8+ Bf8 36. Qd4+ Kg8 37. Qd3 Qc1+ 38. Kh2 Bc5 39. Qd8+ Kf7
40. Bh5+ Kg7 41. Qxg5+ Kf8 42. f6 {Black resigns} 1-0

[Event "Team 45 45 League T44"]
[Site "Internet Chess Club"]
[Date "2010.02.08"]
[Round "1"]
[White "Warpdrive"]
[Black "MOchess-boy"]
[Result "0-1"]
[WhiteElo "1609"]
[BlackElo "1815"]
[Opening "Scandinavian (center counter) defense"]
[ECO "B01"]
[Time "19:04:37"]
[TimeControl "2700+45"]

1. e4 d5 2. exd5 Qxd5 3. Nc3 Qa5 4. d4 Nf6 5. Nf3 c6 6. h3 Bf5 7. Bd3 Bg6 8. O-O
Nbd7 9. Bf4 e6 10. a3 Be7 11. b4 Qd8 12. Na4 b6 13. c4 c5 14. Bxg6 hxg6 15. dxc5
bxc5 16. b5 O-O 17. Re1 a6 18. Rb1 axb5 19. Rxb5 Ra5 20. Qb3 Qa8 21. Rxa5 Qxa5
22. Nc3 Ra8 23. a4 Ne8 24. Bd2 Qa6 25. Qb5 Nb6 26. Ne5 Nd6 27. Qxc5 Nbxc4 28.
Be3 Nxe3 29. Qxe3 Nf5 30. Qe4 Rc8 31. g4 Rxc3 32. gxf5 gxf5 33. Qd4 Rxh3 34. Rc1
Rh4 35. Qd2 f6 36. Nf3 Rg4+ 37. Kh2 Bd6+ 38. Kh3 Be7 39. Qd7 Qe2 40. Qe8+ Bf8
41. Qa8 Qxf2 {White resigns} 0-1

[Event "Team 45 45 League T44"]
[Site "Internet Chess Club"]
[Date "2010.02.03"]
[Round "1"]
[White "zachi"]
[Black "DAISYAGERS"]
[Result "0-1"]
[WhiteElo "1919"]
[BlackElo "1857"]
[Opening "Ruy Lopez: exchange, Gligoric variation"]
[ECO "C69"]
[Time "22:31:18"]
[TimeControl "2700+45"]

1. e4 e5 2. Nf3 Nc6 3. Bb5 a6 4. Bxc6 dxc6 5. O-O f6 6. d4 Bg4 7. dxe5 Qxd1 8.
Rxd1 fxe5 9. Rd3 Bd6 10. Nbd2 b5 11. h3 Be6 12. Ng5 Bd7 13. c4 c5 14. b3 Ne7 15.
Bb2 Nc6 16. f4 O-O 17. fxe5 Nxe5 18. Rd5 Rae8 19. Re1 Bc6 20. Bxe5 Bxe5 21. Rd3
Re7 22. Ngf3 Bg3 23. Re2 Rfe8 24. Kf1 Bf4 25. Kf2 Bxe4 26. Nxe4 Rxe4 27. Rxe4
Rxe4 28. Rd8+ Kf7 29. g3 Be3+ 30. Ke2 Bg5+ 31. Kd3 Re3+ 32. Kc2 Bxd8 {White
resigns} 0-1

[Event "Team 45 45 League T44"]
[Site "Internet Chess Club"]
[Date "2010.02.13"]
[Round "1"]
[White "Charlemagne"]
[Black "mfeatherston"]
[Result "0-1"]
[WhiteElo "1679"]
[BlackElo "1906"]
[Opening "Sicilian: accelerated fianchetto, modern variation"]
[ECO "B34"]
[Time "17:01:08"]
[TimeControl "2700+45"]

1. e4 c5 2. Nf3 g6 3. d4 cxd4 4. Nxd4 Nc6 5. Nc3 Bg7 6. Be3 Nf6 7. f3 O-O 8. Bc4
Qb6 9. Nce2 Qb4+ 10. c3 Qxc4 11. b3 Qa6 12. Qd2 d5 13. Nxc6 bxc6 14. e5 Nd7 15.
f4 Nb6 16. Bc5 Re8 17. Nd4 Nd7 18. b4 Nxc5 19. bxc5 Rb8 20. Kf2 Qa3 21. Nb3 f6
22. Qe3 fxe5 23. fxe5 Rf8+ 24. Kg3 Rf5 25. Rhf1 Bxe5+ 26. Kh4 Rh5# {White
checkmated} 0-1

[Event "Team 45 45 League T44"]
[Site "Internet Chess Club"]
[Date "2010.02.06"]
[Round "1"]
[White "Grenadier"]
[Black "DuDochNicht"]
[Result "0-1"]
[WhiteElo "1688"]
[BlackElo "1674"]
[Opening "Vienna game"]
[ECO "C28"]
[Time "21:00:17"]
[TimeControl "2700+45"]

1. e4 e5 2. Bc4 Nf6 3. Nc3 Nc6 4. d3 Bb4 5. Bd2 O-O 6. f4 Re8 7. Nf3 d6 8. f5
Na5 9. Bb3 Nxb3 10. axb3 d5 11. Ra4 a5 12. O-O Bd7 13. Ra1 Bc6 14. Bg5 Bxc3 15.
bxc3 Qd6 16. Qe1 dxe4 17. dxe4 Nxe4 18. Bh4 Qc5+ 19. Bf2 Qxc3 20. Qxc3 Nxc3 21.
Bg3 Ne2+ 22. Kf2 Nxg3 23. Kxg3 f6 24. Rfd1 b6 25. Kf2 Rad8 26. g4 Kf7 27. h4 Ke7
28. g5 Be4 29. Re1 Bxf5 30. Nxe5 fxe5 31. Rxe5+ Be6 32. Rae1 Rd6 33. h5 g6 34.
hxg6 hxg6 35. Rh1 Kd7 36. Rh6 Bf5 37. Rh7+ Kd8 {White resigns} 0-1

[Event "Team 45 45 League T44"]
[Site "Internet Chess Club"]
[Date "2010.02.06"]
[Round "1"]
[White "Itzsoweezee"]
[Black "GoIrish"]
[Result "1-0"]
[WhiteElo "1544"]
[BlackElo "1588"]
[Opening "Alekhine's defense"]
[ECO "B03"]
[Time "06:00:38"]
[TimeControl "2700+45"]

1. e4 Nf6 2. e5 Nd5 3. d4 d6 4. c4 Nb6 5. Nf3 g6 6. Nc3 Bg7 7. exd6 cxd6 8. Be3
Bg4 9. Be2 O-O 10. O-O Nc6 11. b3 d5 12. c5 Nc8 13. h3 Bxf3 14. Bxf3 e6 15. Qd2
N8e7 16. Nb5 Nf5 17. Bg4 a6 18. Bxf5 axb5 19. Bd3 Nxd4 20. Rad1 Qa5 21. Bxd4
Qxd2 22. Rxd2 Bxd4 23. Bxb5 Bxc5 24. a4 Rac8 25. Rc2 Bb4 26. Rfc1 Rxc2 27. Rxc2
d4 28. Rc7 b6 29. Rc6 Rd8 30. Rxb6 Rd6 31. Rxd6 Bxd6 32. Kf1 Bb4 33. Ke2 Kg7 34.
Kd3 e5 35. Kc4 Bc3 36. b4 e4 37. a5 e3 38. fxe3 dxe3 39. Kxc3 f5 40. a6 {Black
resigns} 1-0

[Event "Team 45 45 League T44"]
[Site "Internet Chess Club"]
[Date "2010.02.08"]
[Round "1"]
[White "Freitac"]
[Black "adh2050"]
[Result "1-0"]
[WhiteElo "2017"]
[BlackElo "2015"]
[Opening "Nimzo-Indian: classical, Milner-Barry (Zurich) variation"]
[ECO "E33"]
[Time "17:05:34"]
[TimeControl "2700+45"]

1. d4 Nf6 2. c4 e6 3. Nc3 Bb4 4. Qc2 Nc6 5. Nf3 d6 6. Bd2 O-O 7. a3 Bxc3 8. Bxc3
Qe7 9. g3 e5 10. d5 Nb8 11. Nh4 g6 12. e4 c6 13. Bd3 Bh3 14. O-O-O a5 15. f4 Na6
16. fxe5 dxe5 17. d6 Qe6 18. Bf1 Bxf1 19. Rhxf1 Nc5 20. Nf3 Nfd7 21. Rfe1 f6 22.
Nd2 b5 23. cxb5 cxb5 24. b4 axb4 25. Bxb4 Rfc8 26. Kb1 Kg7 27. Re3 Qxd6 28. Nb3
Qb6 29. Rc3 Rc7 30. Nxc5 Nxc5 31. Bxc5 Qb7 32. Bf8+ Kxf8 33. Rxc7 Qa6 34. Qc5+
Kg8 35. Qd5+ {Black resigns} 1-0

[Event "Team 45 45 League T44"]
[Site "Internet Chess Club"]
[Date "2010.02.06"]
[Round "1"]
[White "Phosphorus"]
[Black "Monsoon-Smith"]
[Result "0-1"]
[WhiteElo "2006"]
[BlackElo "1974"]
[Opening "English opening"]
[ECO "A20"]
[Time "07:22:23"]
[TimeControl "2700+45"]

1. c4 e5 2. g3 Nf6 3. Bg2 d5 4. cxd5 Nxd5 5. Nc3 Nb6 6. Nf3 Nc6 7. O-O Be7 8. a3
O-O 9. b4 a6 10. d3 Be6 11. Bb2 f6 12. Nd2 Rb8 13. Nde4 Nd5 14. Na4 f5 15. Nec5
Bf7 16. Rc1 Nd4 17. e3 Nb5 18. Qe2 Bd6 19. Rfd1 Qe7 20. d4 e4 21. Ra1 Rfd8 22.
Rdc1 Qg5 23. Nc3 Nbxc3 24. Bxc3 Bxc5 25. bxc5 c6 26. Rab1 Re8 27. Ba5 Qe7 28.
Rc2 g5 29. Rcb2 Kh8 30. Bb6 Nc3 31. Qd2 Nxb1 32. Rxb1 Bd5 33. Qa5 Rbc8 34. Rb2
Qg7 35. Bh3 g4 36. Bf1 Qf7 37. Rb1 Re6 38. Bd8 f4 39. Bg5 fxg3 40. hxg3 Rg8 41.
Bf4 h5 42. Qb4 Re7 43. Bd6 Rd7 44. Be5+ Kh7 45. Be2 Rg6 46. Kg2 Qf5 47. Rh1 Rf7
48. Bf4 Rh6 49. Rh4 Rg7 50. Bxh6 Kxh6 51. Qe1 Kg6 52. Rh2 Rf7 53. Kg1 Be6 54.
Qa5 Qd5 55. Qd2 Qb3 56. Qc1 Bd5 57. Qd1 Qxd1+ 58. Bxd1 b6 59. cxb6 Rb7 60. f4
Rxb6 61. Rd2 Rb1 62. Kf2 Ra1 63. a4 a5 64. Ke2 h4 65. Kf2 Kh5 66. gxh4 Kxh4 67.
Kg2 Be6 68. Bc2 Ra2 69. Kg1 g3 70. Re2 Bg4 {White resigns} 0-1

[Event "Team 45 45 League T44"]
[Site "Internet Chess Club"]
[Date "2010.02.06"]
[Round "1"]
[White "Uragon-bocho"]
[Black "Matusalen"]
[Result "1/2-1/2"]
[WhiteElo "2081"]
[BlackElo "1990"]
[Opening "QGA: 3.e4"]
[ECO "D20"]
[Time "16:02:58"]
[TimeControl "2700+45"]

1. d4 d5 2. c4 dxc4 3. e4 Nc6 4. d5 Ne5 5. f4 Nd3+ 6. Bxd3 cxd3 7. Qxd3 e6 8.
Nf3 exd5 9. exd5 Nf6 10. O-O Qxd5 11. Re1+ Be7 12. Qe3 Be6 13. Nc3 Qa5 14. Ne4
O-O 15. h3 c6 16. Kh2 Nxe4 17. Qxe4 Bf6 18. Bd2 Qh5 19. Ne5 Rfe8 20. Bc3 Bd5 21.
Qb4 Bxe5 22. fxe5 b6 23. Qf4 Re6 24. a3 Rae8 25. Re3 Rg6 26. Rg3 Rxg3 27. Qxg3
Qg6 28. Qf2 a5 29. Rg1 b5 30. Bxa5 Rxe5 31. Bc3 Rf5 32. Qe2 h6 33. Rf1 Qd6+ 34.
Kg1 Rg5 35. Rf2 Qg3 36. Bd2 Rg6 37. Qe8+ Kh7 38. Qe3 Qxe3 39. Bxe3 Re6 40. Bd2
Re4 41. Kf1 g5 42. Bc3 {Game drawn by mutual agreement} 1/2-1/2

[Event "Team 45 45 League T44"]
[Site "Internet Chess Club"]
[Date "2010.02.05"]
[Round "1"]
[White "Chatica"]
[Black "MeanMrMustard"]
[Result "1-0"]
[WhiteElo "1957"]
[BlackElo "1903"]
[Opening "Blackmar-Diemer: Euwe defense"]
[ECO "D00"]
[Time "21:00:15"]
[TimeControl "2700+45"]

1. d4 d5 2. e4 dxe4 3. Nc3 Nf6 4. f3 exf3 5. Nxf3 e6 6. Bd3 Be7 7. Bg5 O-O 8.
O-O h6 9. Bh4 c5 10. dxc5 Bxc5+ 11. Kh1 Nbd7 12. Qe1 a6 13. Rd1 Qc7 14. Ne4 Be7
15. c4 b6 16. Bg3 Qc6 17. Ne5 Nxe5 18. Bxe5 Ne8 19. Qg3 f5 20. Nd2 Bd6 21. Nf3
Bxe5 22. Nxe5 Qc7 23. Rfe1 Nf6 24. h3 Nd7 25. Bc2 Nxe5 26. Qxe5 Qxe5 27. Rxe5
Kf7 28. Rd6 Rb8 29. c5 bxc5 30. Bb3 c4 31. Bxc4 Rxb2 32. Rxf5+ Ke7 33. Rxf8 Kxd6
34. Rxc8 Rc2 35. Bxe6 {Black resigns} 1-0

[Event "Team 45 45 League T44"]
[Site "Internet Chess Club"]
[Date "2010.02.07"]
[Round "1"]
[White "bgolev"]
[Black "inafewminutes"]
[Result "1/2-1/2"]
[WhiteElo "1854"]
[BlackElo "1954"]
[Opening "QGD semi-Slav: Bogolyubov variation"]
[ECO "D46"]
[Time "09:04:06"]
[TimeControl "2700+45"]

1. d4 d5 2. c4 c6 3. Nc3 Nf6 4. Nf3 e6 5. e3 Nbd7 6. Bd3 Be7 7. O-O O-O 8. b3 b6
9. cxd5 exd5 10. Bb2 c5 11. Rc1 Bb7 12. Qe2 Re8 13. Rfd1 Bf8 14. dxc5 bxc5 15.
Ba6 Qb6 16. Bxb7 Qxb7 17. Qb5 Qb6 18. Qxb6 axb6 19. a4 c4 20. bxc4 dxc4 21. Rd4
Rec8 22. Nd2 Nc5 23. h3 Nxa4 24. Nxa4 Rxa4 25. Rdxc4 Raxc4 26. Rxc4 Rxc4 27.
Nxc4 Nd7 28. Kf1 f5 29. g4 fxg4 30. hxg4 Kf7 31. f4 Bc5 32. Ke2 Nf6 33. Kf3 h5
34. gxh5 Nxh5 35. e4 Nf6 36. f5 Ne8 {Game drawn by mutual agreement} 1/2-1/2

[Event "Team 45 45 League T44"]
[Site "Internet Chess Club"]
[Date "2010.02.05"]
[Round "1"]
[White "Chris2p2"]
[Black "Beddathanme"]
[Result "0-1"]
[WhiteElo "1772"]
[BlackElo "1848"]
[Opening "Sicilian: Hungarian variation"]
[ECO "B27"]
[Time "19:30:28"]
[TimeControl "2700+45"]

1. e4 c5 2. Nf3 g6 3. d4 cxd4 4. Qxd4 Nf6 5. e5 Nc6 6. Qa4 Nd5 7. Qe4 Nb6 8. Nc3
d5 9. Qh4 Bf5 10. Nd4 Nxd4 11. Qxd4 Bg7 12. Bb5+ Kf8 13. Bf4 Bxc2 14. Rc1 Bf5
15. Rd1 a6 16. Be2 Rc8 17. O-O h5 18. a3 e6 19. Qe3 Nc4 20. Bxc4 Rxc4 21. Bg5
Qc7 22. Bf6 Bxf6 23. exf6 Kg8 24. Rfe1 Kh7 25. h3 Rd8 26. Rd4 Rxd4 27. Qxd4 Bc2
28. g4 Qc4 29. Qb6 Rc8 30. gxh5 gxh5 31. Qxb7 Rc7 32. Qb6 Bf5 33. Kg2 Kg6 34. h4
Qg4+ 35. Kf1 Bd3+ 36. Ne2 Rc2 37. f3 Qxf3+ {White resigns} 0-1

[Event "Team 45 45 League T44"]
[Site "Internet Chess Club"]
[Date "2010.02.04"]
[Round "1"]
[White "room-matt"]
[Black "whiskeytown"]
[Result "1/2-1/2"]
[WhiteElo "1726"]
[BlackElo "1410"]
[Opening "Pirc: Byrne variation"]
[ECO "B07"]
[Time "15:00:33"]
[TimeControl "2700+45"]

1. e4 d6 2. d4 Nf6 3. Nc3 g6 4. Bg5 h6 5. Bxf6 exf6 6. Qf3 Bg7 7. Bd3 Nd7 8.
O-O-O c5 9. Nge2 cxd4 10. Nxd4 Ne5 11. Qe3 O-O 12. f4 Nxd3+ 13. Rxd3 Bd7 14. Nf3
Qc7 15. Rhd1 Bg4 16. Rxd6 b6 17. R1d4 Rfd8 18. Rxd8+ Rxd8 19. Nd5 Qb7 20. Rc4
Bxf3 21. Qxf3 f5 22. Rc7 fxe4 23. Rxb7 exf3 24. Ne7+ Kh7 25. gxf3 Bd4 26. c3
Be3+ 27. Kc2 Rd2+ 28. Kb3 Bxf4 29. h3 Kg7 30. Rxa7 Rf2 31. Rb7 Bc1 32. Nd5 Rxb2+
33. Kc4 Rxa2 34. Rxb6 Rf2 35. h4 Rxf3 36. Rb1 Bf4 37. Rh1 g5 38. hxg5 hxg5 39.
Rg1 f6 40. Nxf4 Rxf4+ 41. Kc5 g4 42. c4 f5 43. Kd5 Kf6 44. c5 Ke7 45. c6 Rf2 46.
Ke5 Kd8 47. Kd6 Rd2+ 48. Ke5 Kc7 49. Kxf5 Kxc6 50. Rxg4 Rd5+ {Game drawn by
mutual agreement} 1/2-1/2

[Event "Team 45 45 League T44"]
[Site "Internet Chess Club"]
[Date "2010.02.07"]
[Round "1"]
[White "TerryMalloy"]
[Black "frank001"]
[Result "1-0"]
[WhiteElo "2042"]
[BlackElo "1807"]
[Opening "Alekhine's defense: Scandinavian variation"]
[ECO "B02"]
[Time "00:08:35"]
[TimeControl "2700+45"]

1. e4 Nf6 2. Nc3 d5 3. e5 Ne4 4. Nxe4 dxe4 5. d4 exd3 6. Bxd3 Nc6 7. Nf3 Nb4 8.
Bb5+ c6 9. Qxd8+ Kxd8 10. Ba4 Bg4 11. Ng5 Ke8 12. Bd2 Nd5 13. O-O h6 14. Ne4 e6
15. Rac1 Bf5 16. Rfe1 Be7 17. a3 Nb6 18. Bb3 Kd7 19. c4 Rad8 20. c5 Nd5 21. Nd6
Bxd6 22. cxd6 Rde8 23. f4 f6 24. h3 h5 25. h4 fxe5 26. fxe5 g6 27. Kf2 Ref8 28.
Kg3 Rf7 29. Bg5 Rhf8 30. Bc4 Bg4 31. Rf1 Nb6 32. Rxf7+ Rxf7 33. Rf1 Rxf1 34.
Bxf1 Na4 35. Bc1 Nc5 36. Kf4 Ke8 37. Be3 b6 38. Bxc5 bxc5 39. Bd3 Bf5 40. Bxf5
exf5 41. Kg5 Kd7 42. Kxg6 Ke6 43. Kxh5 {Black resigns} 1-0

[Event "Team 45 45 League T44"]
[Site "Internet Chess Club"]
[Date "2010.02.05"]
[Round "1"]
[White "EsEm"]
[Black "Phosphorus"]
[Result "0-1"]
[WhiteElo "1829"]
[BlackElo "2025"]
[Opening "French: exchange variation"]
[ECO "C01"]
[Time "11:19:22"]
[TimeControl "2700+45"]

1. e4 e6 2. d4 d5 3. exd5 exd5 4. Nc3 Nc6 5. Nf3 Bb4 6. Bd2 Nge7 7. Bb5 O-O 8.
O-O Bg4 9. h3 Bxf3 10. Qxf3 Nxd4 11. Qd3 Ne6 12. a3 Bd6 13. Rfe1 c6 14. Ba4 Nc5
15. Qf3 Qc7 16. Bg5 f6 17. Be3 Nxa4 18. Nxa4 Ng6 19. Nc5 Rae8 20. Qf5 Rxe3 21.
Rxe3 Bxc5 22. Re2 a5 23. Rae1 Ba7 24. Re8 Bb8 25. Qe6+ Kh8 26. Rxf8+ Nxf8 27.
Qe8 Qh2+ 28. Kf1 Bd6 29. Qf7 Qh1+ 30. Ke2 Qxg2 31. Kd1 Qxf2 32. Re8 Qf1+ 33. Kd2
Bf4+ 34. Kc3 Qc4# {White checkmated} 0-1

[Event "Team 45 45 League T44"]
[Site "Internet Chess Club"]
[Date "2010.02.04"]
[Round "1"]
[White "Orichas"]
[Black "KnightofMercy"]
[Result "0-1"]
[WhiteElo "1592"]
[BlackElo "1614"]
[Opening "Scandinavian defense"]
[ECO "B01"]
[Time "20:00:29"]
[TimeControl "2700+45"]

1. e4 d5 2. exd5 Nf6 3. Nc3 Bg4 4. Be2 Bxe2 5. Qxe2 c6 6. dxc6 Nxc6 7. Nf3 e6 8.
O-O Bb4 9. a3 Bxc3 10. dxc3 Qb6 11. b4 O-O 12. Nd4 Nxd4 13. cxd4 Qxd4 14. Be3
Qb2 15. Rfb1 Qe5 16. Qf3 Ne4 17. Re1 f5 18. Rad1 Qc3 19. Qe2 Qxa3 20. Qc4 Kh8
21. Ra1 Qc3 22. Qxc3 Nxc3 23. Bd4 Nb5 24. Bc5 Rfe8 25. f4 b6 26. Bf2 Nc3 27. Bd4
Nd5 28. c3 Nxf4 29. Re3 Kg8 30. Kf2 Kf7 31. Rae1 Rac8 32. Rc1 Nd5 33. Re5 Nxb4
34. Ra1 Nd3+ 35. Ke3 Nxe5 36. Bxe5 a5 37. Rb1 b5 38. Rxb5 Ra8 39. c4 a4 40. c5
a3 41. c6 Ra7 42. Rb7+ Rxb7 43. cxb7 a2 {White resigns} 0-1

[Event "Team 45 45 League T44"]
[Site "Internet Chess Club"]
[Date "2010.02.05"]
[Round "1"]
[White "Wheels"]
[Black "Despair"]
[Result "1-0"]
[WhiteElo "1968"]
[BlackElo "1966"]
[Opening "Alekhine's defense: exchange variation"]
[ECO "B02"]
[Time "19:59:32"]
[TimeControl "2700+45"]

1. e4 Nf6 2. e5 Nd5 3. c4 Nb6 4. d4 d6 5. exd6 exd6 6. Nc3 Nc6 7. Nf3 g6 8. Be2
Bg4 9. O-O Bg7 10. h3 Bd7 11. Bf4 Ne7 12. Re1 O-O 13. Qd2 Re8 14. Bg5 Qc8 15.
Bd3 f6 16. Bf4 Bxh3 17. gxh3 Qxh3 18. Nh2 Kh8 19. Re3 Qd7 20. Rae1 Nc6 21. Qe2
Rxe3 22. Qxe3 Nb4 23. b3 c5 24. Bb1 f5 25. d5 a5 26. a3 Na6 27. a4 Nb4 28. Nb5
N6xd5 29. cxd5 Nxd5 30. Qd2 Nxf4 31. Qxf4 Bd4 32. Nxd4 cxd4 33. Qxd4+ Kg8 34.
Bd3 Qg7 35. Bc4+ Kh8 36. Qxg7+ Kxg7 37. Re7+ {Black resigns} 1-0

[Event "Team 45 45 League T44"]
[Site "Internet Chess Club"]
[Date "2010.02.04"]
[Round "1"]
[White "Fuzzie"]
[Black "pelayo"]
[Result "1/2-1/2"]
[WhiteElo "1745"]
[BlackElo "1736"]
[Opening "Bishop's opening: Berlin defense"]
[ECO "C24"]
[Time "14:00:32"]
[TimeControl "2700+45"]

1. e4 e5 2. Bc4 Nf6 3. d3 Bc5 4. Nc3 O-O 5. Bg5 h6 6. Bh4 d6 7. Bg3 Nc6 8. Qd2
Be6 9. O-O-O Bb4 10. a3 Bxc4 11. dxc4 Bxc3 12. Qxc3 Nxe4 13. Qe3 Qg5 14. Qxg5
Nxg5 15. f3 f5 16. h4 Ne6 17. Ne2 Ncd4 18. Nxd4 Nxd4 19. Kd2 Rad8 20. c3 Ne6 21.
Kc2 e4 22. fxe4 fxe4 23. Rhe1 Nc5 24. b4 Nd3 25. Rxe4 Nf2 26. Bxf2 Rxf2+ 27. Rd2
Rdf8 28. Rde2 {Game drawn by mutual agreement} 1/2-1/2

[Event "Team 45 45 League T44"]
[Site "Internet Chess Club"]
[Date "2010.02.06"]
[Round "1"]
[White "quotha"]
[Black "SquAREA51"]
[Result "1/2-1/2"]
[WhiteElo "1628"]
[BlackElo "1574"]
[Opening "French: exchange variation"]
[ECO "C01"]
[Time "13:11:30"]
[TimeControl "2700+45"]

1. e4 e6 2. d4 d5 3. exd5 exd5 4. Bd3 Bd6 5. Nf3 Nf6 6. O-O O-O 7. h3 Re8 8. Be3
Ne4 9. Nbd2 f5 10. Nb3 Be6 11. Qc1 Nd7 12. c4 c6 13. c5 Bc7 14. Ng5 h6 15. Nxe6
Rxe6 16. Re1 g5 17. f3 Ng3 18. Qd2 Qf6 19. f4 Rae8 20. fxg5 hxg5 21. Bf2 Ne4 22.
Qc2 Kg7 23. Rf1 Nf8 24. Rae1 Ng6 25. Rd1 Nf4 26. Bxe4 Rxe4 27. Rfe1 Ne2+ 28. Kf1
Ng3+ 29. Kg1 Rxe1+ 30. Rxe1 Ne4 31. Re3 Re6 32. Qe2 Bf4 33. Rf3 Nd2 34. Qd3
Nxf3+ 35. Qxf3 Re4 36. g3 Bc7 37. Nd2 Re6 38. b4 a6 39. a4 Kg6 40. Qd3 Kf7 41.
Nf3 Re4 42. b5 axb5 43. axb5 b6 44. bxc6 bxc5 45. dxc5 g4 {Game drawn by mutual
agreement} 1/2-1/2